cohdb
Replays
Latest Replays
All Replays
Popular Replays
Top Player Replays
Match Explorer
How It Works
Community
CoH3 Stats
Reddit
Sign in to upload your games and track your stats! →
Sign in with Steam
Match 44770371
Unlisted
Match 44770371
Overview
Messages
Build Orders
End
Selects Heavy Armor Battlegroup
Royal Engineer Section
Construct Section Command Post
Dingo Light Scout Car
Infantry Section
Infantry Section
Selects Rigorous Vehicle Training
Infantry Section
Construct Platoon Command Post
Grenade Package
CMP 15cwt Truck
Light Vehicle Training
AI Takeover
CarpetKraken
ReadyBoi
matrix4x4
2PeriodBlood7
Gnasher
装甲教导团
超级小杨
Ironic
0
0
Comments
sign in to comment!
No comments posted yet!